[Event "Early-Titled-Tuesday-Blitz-June-18-2024"]
[Site "Chess.com"]
[Date "2024.06.18"]
[Round "9"]
[White "subham777"]
[Black "dealshark"]
[Result "1-0"]
[WhiteElo "2596"]
[BlackElo "2447"]
[TimeControl "180+1"]
[EndTime "9:43:33 PDT"]
[Termination "subham777 won by resignation"]

1. e4 c5 2. Nf3 d6 3. d4 cxd4 4. Qxd4 Nf6 5. e5 Nc6 6. Bb5 Qa5+ 7. Nc3 dxe5 8. Nxe5 Qxb5 9. Nxb5 Nxd4 10. Nxd4 e6 11. Be3 Be7 12. Nb5 O-O 13. Nc7 Bd6 14. Nxa8 Bxe5 15. Bxa7 Bd7 16. Nb6 Bxb2 17. Nxd7 Nxd7 18. Rb1 Bc3+ 19. Ke2 Rc8 20. Rxb7 Ne5 21. Rb8 Rxb8 22. Bxb8 Nc6 23. Bg3 Kf8 24. Rb1 Ke7 25. Rb6 Nd4+ 26. Kd3 Ba1 27. Rb1 1-0

[Event "Early-Titled-Tuesday-Blitz-June-18-2024"]
[Site "Chess.com"]
[Date "2024.06.18"]
[Round "9"]
[White "betta2004"]
[Black "JunjiCol"]
[Result "1-0"]
[WhiteElo "2465"]
[BlackElo "2353"]
[TimeControl "180+1"]
[EndTime "9:43:33 PDT"]
[Termination "betta2004 won by resignation"]

1. Nf3 Nf6 2. b3 a5 3. e3 e6 4. Bb2 a4 5. bxa4 Rxa4 6. d4 Be7 7.
Bd3 c5 8. O-O c4 9. Be2 d5 10.
Ne5 Nbd7 11. Bf3 Nxe5 12. dxe5 Nd7 13. e4 Qc7 14. exd5 Nxe5 15. Nc3 Ra8 16. Nb5 Nxf3+ 17. Qxf3 Qc5 18. a4 O-O 19. Ba3 Qxd5 20. Qxd5 exd5 21. Bxe7 Re8 22. Nc7 Rxe7 23. Nxa8 Bf5 24. Nb6 Re5 25. a5 Bxc2 26. Rfe1 Rxe1+ 27. Rxe1 f6 28. Nxd5 Bd3 29. Re7 Kf8 30. Rxb7 Be4 31. Rb8+ Kf7 32. Nc3 1-0

[Event "Early-Titled-Tuesday-Blitz-June-18-2024"]
[Site "Chess.com"]
[Date "2024.06.18"]
[Round "9"]
[White "MeesvanOsch"]
[Black "Navyblue1"]
[Result "0-1"]
[WhiteElo "2314"]
[BlackElo "2187"]
[TimeControl "180+1"]
[EndTime "9:43:49 PDT"]
[Termination "Navyblue1 won by checkmate"]

1. e4 c5 2. Nf3 d6 3. d4 cxd4 4. Nxd4 Nf6 5. Nc3 a6 6. Nb3 e6 7.
g4 b5 8. g5 Nfd7 9. Bg2 Bb7 10.
Be3 Nc6 11. Qe2 b4 12. Na4 Qa5 13. O-O-O Qxa4 14. Kb1 Qb5 15. Qh5 g6 16. Qh3 Bg7 17.
Bf1 Qe5 18. Nd4 Rc8 19. f4 Qa5 20. Nxe6 fxe6 21. Qxe6+ Ne7 22. Qxd6 Qc7 23. Qd3 O-O 24. Qxd7 Qxc2+ 25. Ka1 Qxb2# 0-1

[Event "Early-Titled-Tuesday-Blitz-June-18-2024"]
[Site "Chess.com"]
[Date "2024.06.18"]
[Round "9"]
[White "only_strong_moves"]
[Black "falzehope0"]
[Result "0-1"]
[WhiteElo "2628"]
[BlackElo "2455"]
[TimeControl "180+1"]
[EndTime "9:44:08 PDT"]
[Termination "falzehope0 won by resignation"]

1. Nc3 d6 2. d4 Nf6 3. e4 Nbd7 4.
Bg5 e5 5. Nf3 Be7 6. Bc4 O-O 7.
O-O c6 8. dxe5 dxe5 9. Qe2 Qc7 10. Nh4 b5 11. Bd3 Nc5 12. Nf5 Bxf5 13. exf5 e4 14.
Bxf6 Bxf6 15. Nxe4 Nxe4 16. Qxe4 Bxb2 17. Rab1 Bf6 18.
a4 a6 19. axb5 cxb5 20. Qf3 Rab8 21. Rb4 Qc5 22. Rg4 a5 23. Qf4 Kh8 24. h4 a4 25.
h5 h6 26. Bc4 bxc4 0-1

[Event "Early-Titled-Tuesday-Blitz-June-18-2024"]
[Site "Chess.com"]
[Date "2024.06.18"]
[Round "9"]
[White "Sanyura"]
[Black "Goryachkina"]
[Result "1/2-1/2"]
[WhiteElo "2534"]
[BlackElo "2669"]
[TimeControl "180+1"]
[EndTime "9:44:10 PDT"]
[Termination "Game drawn by repetition"]

1. e4 e5 2. Nf3 Nc6 3. Bb5 a6 4.
Ba4 Nge7 5. O-O Ng6 6. c3 d6 7. d4 Bd7 8. Bg5 Be7 9. Be3 O-O 10. Nbd2 h6 11. Re1 Bg5 12. Nxg5 hxg5 13. Qh5 Nf4 14.
Bxf4 gxf4 15. Bxc6 Bxc6 16. dxe5 dxe5 17. Nf3 f6 18.
Nh4 Be8 19. Qg4 Bd7 20. Qh5 Be8 21. Qg4 Bd7 22. Qh5 Be8 1/2-1/2

[Event "Early-Titled-Tuesday-Blitz-June-18-2024"]
[Site "Chess.com"]
[Date "2024.06.18"]
[Round "9"]
[White "Weifd"]
[Black "maurovargas01"]
[Result "1-0"]
[WhiteElo "2361"]
[BlackElo "1950"]
[TimeControl "180+1"]
[EndTime "9:44:24 PDT"]
[Termination "Weifd won by resignation"]

1. e4 c6 2. d4 d5 3. Nc3 dxe4 4. Nxe4 Nf6 5. Nxf6+ exf6 6. c3 Bd6 7. Bd3 O-O 8. Ne2 Re8 9. O-O Nd7 10. Bf4 Nf8 11. Qd2 Bg4 12. Ng3 Ne6 13. Bxd6 Qxd6 14. f4 Nf8 15. f5 c5 16. Rf4 h5 17. h3 g5 18. fxg6 Nxg6 19. Bxg6 fxg6 20. hxg4 g5 21.
Rf3 hxg4 22. Rd3 cxd4 23. cxd4 Kg7 24. Rf1 Rh8 25. Nf5+ Kg6 26. Nxd6 Rad8 27. Rxf6+ Kxf6 28. Ne4+ Kg6 29. Qxg5+ Kf7 30. Qf6+ Kg8 31. Qxd8+ Kf7 32. Qf6+ Kg8 33. Rc3 1-0

[Event "Early-Titled-Tuesday-Blitz-June-18-2024"]
[Site "Chess.com"]
[Date "2024.06.18"]
[Round "9"]
[White "KnightDuta"]
[Black "GatoRojo150"]
[Result "1-0"]
[WhiteElo "2736"]
[BlackElo "2622"]
[TimeControl "180+1"]
[EndTime "9:44:26 PDT"]
[Termination "KnightDuta won on time"]

1. d4 d5 2. Bf4 c5 3. e3 Nc6 4. Nf3 Nf6 5. Nbd2 Qb6 6. dxc5 Qxb2 7. Rb1 Qc3 8. Bb5 g6 9. e4 dxe4 10. Be5 Qa5 11. Bxf6 exf6 12. O-O exf3 13. Qxf3 Qc7 14. Qxf6 Rg8 15. Rfe1+ Be7 16. Bxc6+ bxc6 17. Rxe7+ Qxe7 18. Qxc6+ Kf8 19. Qxa8 Kg7 20. Nb3 Bb7 21. Qxa7 Qe4 22. c6 Bxc6 23. Qd4+ f6 24. Qxe4 Bxe4 25. Nd4 Ra8 26.
Ra1 Ra3 27. f3 Bd5 28. Nb3 Bc4 29. Kf2 Kf7 30. Ke3 1-0

[Event "Early-Titled-Tuesday-Blitz-June-18-2024"]
[Site "Chess.com"]
[Date "2024.06.18"]
[Round "9"]
[White "romulocardoso"]
[Black "CFalcons8"]
[Result "0-1"]
[WhiteElo "2325"]
[BlackElo "2450"]
[TimeControl "180+1"]
[EndTime "9:44:26 PDT"]
[Termination "CFalcons8 won by resignation"]

1. e4 e5 2. Nf3 Nc6 3. d4 exd4 4. Bc4 Nf6 5. e5 d5 6. Bb5 Ne4 7. Nxd4 Bd7 8. Bxc6 bxc6 9. O-O Bc5 10. f3 Ng5 11. f4 Ne4 12. Be3 O-O 13. Nd2 Nxd2 14. Qxd2 Qb8 15. Nb3 Bxe3+ 16. Qxe3 Qb6 17. Qc5 Bf5 18. Rf2 a5 19. Qxb6 cxb6 20. Nd4 Bd7 21. f5 c5 22. e6 fxe6 23. fxe6 Rxf2 24. Kxf2 Rf8+ 25. Kg1 Bc8 26. Nc6 Bxe6 27. Re1 Re8 28. Nd8 Bf7 29. Rxe8+ Bxe8 30. Ne6 Bd7 31. Nc7 Bc6 32. Ne6 d4 33. c3 dxc3 34. bxc3 Bd5 35. Nc7 Bxa2 36. Kf2 Bc4 37. Ke3 Kf7 38. Kd2 Ke7 39.
Na8 b5 40. Nc7 Kd7 41. Na6 Kd6 42. Nb8 b4 0-1

[Event "Early-Titled-Tuesday-Blitz-June-18-2024"]
[Site "Chess.com"]
[Date "2024.06.18"]
[Round "9"]
[White "Patricius007"]
[Black "SicilianPanzer"]
[Result "1-0"]
[WhiteElo "2549"]
[BlackElo "2355"]
[TimeControl "180+1"]
[EndTime "9:44:29 PDT"]
[Termination "Patricius007 won by resignation"]

1. e4 e5 2. Nf3 Nc6 3. Bc4 Bc5 4.
O-O Nf6 5. d3 d6 6. h3 h6 7. c3 a5 8. Nbd2 O-O 9. Re1 Bb6 10. Nf1 Ne7 11. Be3 c6 12. Ng3 Ng6 13. d4 exd4 14. Bxd4 Bxd4 15. cxd4 d5 16. exd5 Nxd5 17.
Ne5 Ngf4 18. Qf3 Be6 19. Rad1 Qf6 20. Ne4 Qh4 21. Bf1 Qe7 22. Nc5 Rfe8 23. Nxe6 Nxe6 24. g3 Rad8 25. Bg2 Qc7 26. a3 Qb6 27. Qxf7+ Kh7 28.
Be4+ 1-0

[Event "Early-Titled-Tuesday-Blitz-June-18-2024"]
[Site "Chess.com"]
[Date "2024.06.18"]
[Round "9"]
[White "Iskusnyh"]
[Black "Laico"]
[Result "1-0"]
[WhiteElo "2639"]
[BlackElo "2437"]
[TimeControl "180+1"]
[EndTime "9:44:33 PDT"]
[Termination "Iskusnyh won by resignation"]

1. d4 e6 2. c4 f5 3. g3 Nf6 4. Bg2 Be7 5. Nc3 O-O 6. e3 Bb4 7. Ne2 d5 8. O-O c6 9. Bd2 Nbd7 10. Nxd5 Nxd5 11. cxd5 Bxd2 12. dxc6 bxc6 13. Qxd2 Ba6 14. Rfc1 c5 15. dxc5 Ne5 16. Qxd8 Raxd8 17. Nd4 Nd3 18. Nxe6 Nxc1 19. Rxc1 Rd2 20. Nxf8 Kxf8 21. b4 Rxa2 22. Bf1 Bc8 23. b5 Ke7 24. b6 axb6 25. cxb6 Bd7 26.
Rb1 Ra8 27. b7 Rb8 28. Bg2 Kd6 29. Rc1 Be6 30. h4 g6 31. Bf3 h6 32. Rc6+ Kd7 33. Ra6 g5 34. h5 f4 35. exf4 gxf4 36. g4 Ke7 37. Ra8 Rxb7 38. Bxb7 1-0

[Event "Early-Titled-Tuesday-Blitz-June-18-2024"]
[Site "Chess.com"]
[Date "2024.06.18"]
[Round "9"]
[White "Timerkhanov"]
[Black "Crazy_girl99"]
[Result "1-0"]
[WhiteElo "2720"]
[BlackElo "2609"]
[TimeControl "180+1"]
[EndTime "9:44:34 PDT"]
[Termination "Timerkhanov won by resignation"]

1. d4 Nf6 2. Bg5 d5 3. Nd2 c6 4. Bxf6 exf6 5. e3 Bf5 6. c4 dxc4 7. Bxc4 Bb4 8. Bxf7+ Kxf7 9. Qb3+ Be6 10. Qxb4 Nd7 11.
Ne2 Rc8 12. Nf4 Nb6 13. Nxe6 Kxe6 14. O-O Kf7 15. Nb3 Re8 16. Nc5 Re7 17. Qb3+ Qd5 18. Qxd5+ Nxd5 19. a3 a5 20. g3 Rce8 21. Rab1 h5 22. b4 axb4 23. axb4 Ra8 24. b5 b6 25. Nd3 Nc3 26. Rb3 Nxb5 27. Rc1 Re6 28. d5 Rd6 29. dxc6 Nc7 30. Nf4 b5 31. Ne2 Ke6 32. Nd4+ Rxd4 33. exd4 Ra4 34. Rd3 Kd5 35. Rc5+ Ke4 36. Rd1 Rxd4 37.
f3+ Ke3 38. Rc3+ 1-0

[Event "Early-Titled-Tuesday-Blitz-June-18-2024"]
[Site "Chess.com"]
[Date "2024.06.18"]
[Round "9"]
[White "SirStrateg"]
[Black "UF_10"]
[Result "1-0"]
[WhiteElo "2709"]
[BlackElo "2558"]
[TimeControl "180+1"]
[EndTime "9:44:35 PDT"]
[Termination "SirStrateg won by resignation"]

1. d4 Nf6 2. Bg5 Ne4 3. Bf4 c5 4. d5 d6 5. f3 Qa5+ 6. c3 Nf6 7.
e4 Nbd7 8. Na3 g6 9. Nc4 Qc7 10. a4 Bg7 11. g4 O-O 12. Ne2 Nb6 13. Ng3 Nfd7 14. h4 Nxc4 15. Bxc4 Ne5 16. Be2 e6 17. h5 exd5 18. Qxd5 Be6 19. Qd2 Rfe8 20. Bh6 Bf6 21. Kf2 c4 22. Kg2 Rad8 23. hxg6 fxg6 24. Bg5 Qe7 25. Bxf6 Qxf6 26. g5 Qf7 27. f4 Nd3 28.
Bxd3 cxd3 29. Rh4 Re7 30. Rah1 Qf8 31. Qxd3 Qxf4 32. Rxf4 1-0

[Event "Early-Titled-Tuesday-Blitz-June-18-2024"]
[Site "Chess.com"]
[Date "2024.06.18"]
[Round "9"]
[White "Guldona_2007"]
[Black "ATM622"]
[Result "1/2-1/2"]
[WhiteElo "2292"]
[BlackElo "2532"]
[TimeControl "180+1"]
[EndTime "9:44:35 PDT"]
[Termination "Game drawn by agreement"]

1. e4 c6 2. d4 d5 3. Nd2 dxe4 4. Nxe4 Bf5 5. Ng3 Bg6 6. h4 h6 7. Nf3 Nd7 8. h5 Bh7 9. Bd3 Bxd3 10. Qxd3 Ngf6 11.
Bf4 e6 12. O-O-O Be7 13. c4 b5 14. Kb1 O-O 15. Ne5 Qb6 16. c5 Qb7 17. Nxd7 Qxd7 18. Ne4 Nxe4 19. Qxe4 Qd5 20. Qxd5 exd5 21. Rde1 Bf6 22.
Be5 Bxe5 23. Rxe5 Rfe8 24. Rhe1 Kf8 25. Kc2 a5 26. f4 f6 27. Re6 Kf7 28. f5 Rac8 29.
Kd2 Kf8 30. R1e3 Kf7 31. Ke2 Rxe6 32. Rxe6 Re8 33. Rxe8 Kxe8 34. a3 Ke7 35. Kd3 Ke8 36. Kc3 Ke7 37. g3 Ke8 38. b3 Ke7 39. g4 Ke8 40. a4 b4+ 41. Kd3 Ke7 42. Ke3 Ke8 43. Kf3 Ke7 44. Ke3 Ke8 45. Kf4 Kf7 46. Kg3 Ke7 47.
Kf3 Kf7 48. Ke3 1/2-1/2

[Event "Early-Titled-Tuesday-Blitz-June-18-2024"]
[Site "Chess.com"]
[Date "2024.06.18"]
[Round "9"]
[White "PeshkaCh"]
[Black "Nicolik"]
[Result "1-0"]
[WhiteElo "2852"]
[BlackElo "2642"]
[TimeControl "180+1"]
[EndTime "9:44:36 PDT"]
[Termination "PeshkaCh won by resignation"]

1. Nf3 d5 2. d4 Nf6 3. c4 e6 4.
Nc3 Bb4 5. Bg5 h6 6. Bxf6 Qxf6 7. Qa4+ Nc6 8. cxd5 exd5 9. e3 Be6 10. Be2 O-O 11. O-O a6 12. a3 Bd6 13. Qc2 Rfe8 14. Rfe1 Ne7 15. e4 dxe4 16. Nxe4 Qf5 17. Bd3 Qa5 18. b4 Qb6 19. Nc5 Bg4 20. Ne5 Bxe5 21. dxe5 Rad8 22. h3 Bc8 23. Bc4 Nf5 24. e6 Nd6 25. e7 Rd7 26.
Nxd7 Bxd7 27. Rad1 Bc6 28. Rxd6 cxd6 29. Qg6 d5 30. Bxd5 Kh8 31. Bxf7 1-0

[Event "Early-Titled-Tuesday-Blitz-June-18-2024"]
[Site "Chess.com"]
[Date "2024.06.18"]
[Round "9"]
[White "chess_peak"]
[Black "AndrewMaco"]
[Result "0-1"]
[WhiteElo "2538"]
[BlackElo "2703"]
[TimeControl "180+1"]
[EndTime "9:44:36 PDT"]
[Termination "AndrewMaco won by resignation"]

1. d4 Nf6 2. c4 g6 3. Nc3 Bg7 4. e4 d6 5. Be2 O-O 6. Be3 e5 7. d5 Na6 8. h4 Nc5 9. f3 Nh5 10. g4 Nf4 11. Rh2 a5 12. Qd2 f5 13.
gxf5 gxf5 14. O-O-O a4 15. Kb1 Kh8 16. h5 Qf6 17. Nh3 Nxh3 18. Rxh3 f4 19. Bxc5 Bxh3 20. Bf2 Bd7 21. Rg1 Bh6 22. Qe1 Rg8 23. Bh4 Rxg1 24. Qxg1 Qxh4 0-1

[Event "Early-Titled-Tuesday-Blitz-June-18-2024"]
[Site "Chess.com"]
[Date "2024.06.18"]
[Round "9"]
[White "yonaltimur"]
[Black "Fore_Man"]
[Result "0-1"]
[WhiteElo "2291"]
[BlackElo "2178"]
[TimeControl "180+1"]
[EndTime "9:44:38 PDT"]
[Termination "Fore_Man won by resignation"]

1. e4 c5 2. Nf3 g6 3. d4 cxd4 4. Nxd4 Nc6 5. c4 Bg7 6. Be3 Nf6 7. Nc3 O-O 8. Be2 d6 9. f3 Bd7 10. O-O Nxd4 11. Bxd4 a5 12. b3 Bc6 13. Qd2 Nd7 14. Rfd1 Bxd4+ 15. Qxd4 Qb6 16. Kf2 Qxd4+ 17. Rxd4 Nc5 18.
Rad1 Kg7 19. Ke3 Kf6 20. f4 Ke6 21. Bg4+ f5 22. exf5+ gxf5 23. Bf3 Bxf3 24. Kxf3 Kf7 25. Re1 Rad8 26. Rd5 e6 27. Rd2 Rfe8 28. Red1 Ke7 29. g3 h5 30. Re1 Kf6 31. Red1 Ke7 32. Re1 Kd7 33. Red1 Kc6 34. Ke3 h4 35. Kf3 hxg3 36. hxg3 Rh8 37. Re1 Rhg8 38. Rxe6 Nxe6 0-1

[Event "Early-Titled-Tuesday-Blitz-June-18-2024"]
[Site "Chess.com"]
[Date "2024.06.18"]
[Round "9"]
[White "Shuvalov"]
[Black "UK_23"]
[Result "0-1"]
[WhiteElo "2583"]
[BlackElo "2421"]
[TimeControl "180+1"]
[EndTime "9:44:44 PDT"]
[Termination "UK_23 won by resignation"]

1. d4 Nf6 2. c4 c5 3. d5 e6 4. dxe6 fxe6 5. Bf4 d5 6. e3 Be7 7. h3 O-O 8. Nf3 Nc6 9. Bd3 Nb4 10. Be2 Ne4 11. Nbd2 Nd6 12. a3 Nc6 13. O-O b6 14.
Ne5 Bb7 15. Bf3 Nxe5 16. Bxe5 Bf6 17. Bxf6 Qxf6 18. Qc2 Rad8 19. Rad1 Nf5 20. cxd5 exd5 21. g3 Ba6 22. Rfe1 d4 23. e4 Ne7 24. e5 Qh6 25. Bg2 Bc8 26. Kh2 Rxf2 27. h4 Qe6 28. Kg1 Rxg2+ 29. Kxg2 Qh3+ 30. Kg1 Qxg3+ 0-1

[Event "Early-Titled-Tuesday-Blitz-June-18-2024"]
[Site "Chess.com"]
[Date "2024.06.18"]
[Round "9"]
[White "campochess"]
[Black "dianamirza"]
[Result "1-0"]
[WhiteElo "2198"]
[BlackElo "1785"]
[TimeControl "180+1"]
[EndTime "9:44:44 PDT"]
[Termination "campochess won by resignation"]

1. e4 d5 2. Nc3 dxe4 3. Nxe4 Nf6 4. Ng3 Bg4 5. Nf3 Bxf3 6. Qxf3 c6 7. c3 e6 8. d4 Be7 9. Bd3 Nbd7 10. O-O O-O 11. Re1 Nb6 12. a4 Nbd5 13. a5 Qc7 14. Bd2 b6 15. a6 c5 16. c4 Nb4 17. Bxb4 cxb4 18. b3 Rfd8 19. Rad1 g6 20. Bc2 Rac8 21. h4 Qc6 22. d5 exd5 23. Rxe7 dxc4 24. Rxd8+ Ne8 25.
Qxc6 1-0

[Event "Early-Titled-Tuesday-Blitz-June-18-2024"]
[Site "Chess.com"]
[Date "2024.06.18"]
[Round "9"]
[White "ChessSwole"]
[Black "ImportedItalianMaple"]
[Result "1-0"]
[WhiteElo "2696"]
[BlackElo "2519"]
[TimeControl "180+1"]
[EndTime "9:44:49 PDT"]
[Termination "ChessSwole won on time"]

1. e4 c5 2. Nf3 a6 3. c4 Nc6 4. d4 cxd4 5. Nxd4 e5 6. Nf5 d5 7. cxd5 Bxf5 8. exf5 Nd4 9. Nc3 Nf6 10. Bd3 Be7 11.
O-O O-O 12. Bg5 Nxd5 13. Nxd5 Bxg5 14. Be4 Qd6 15. Qg4 Bf6 16. Rad1 Rac8 17. h4 Rfd8 18. Rd3 Rc5 19. Ne3 b5 20. Rfd1 Qc7 21. b4 Rc1 22.
Nd5 Rxd1+ 23. Rxd1 Qd6 24. Rc1 h6 25. Rc5 Kh7 26.
a3 a5 27. Rc7 axb4 28. Rxf7 bxa3 29. Qg6+ 1-0

[Event "Early-Titled-Tuesday-Blitz-June-18-2024"]
[Site "Chess.com"]
[Date "2024.06.18"]
[Round "9"]
[White "Kors67"]
[Black "DonCiao"]
[Result "1-0"]
[WhiteElo "2259"]
[BlackElo "2082"]
[TimeControl "180+1"]
[EndTime "9:44:49 PDT"]
[Termination "Kors67 won by resignation"]

1. e4 c6 2. d4 d5 3. exd5 cxd5 4. Bd3 Nc6 5. Nf3 Bg4 6. c3 e6 7. O-O Nf6 8. Bg5 Bd6 9. Nbd2 h6 10. Bh4 O-O 11. Qa4 g5 12. Bg3 Bxg3 13. hxg3 Qd6 14.
Rfe1 Nd7 15. Re3 f6 16. Rae1 a6 17. Nh2 Bf5 18. Bxf5 exf5 19. Qc2 Kg7 20. Qxf5 Rf7 21. Re6 Qf8 22. Qxd5 Rd8 23. Qf5 Nc5 24. R6e3 Na4 25. b3 Nb2 26. Qc2 Qa3 27. Rb1 1-0

[Event "Early-Titled-Tuesday-Blitz-June-18-2024"]
[Site "Chess.com"]
[Date "2024.06.18"]
[Round "9"]
[White "luckyswitchback"]
[Black "MagnusCarlsen"]
[Result "0-1"]
[WhiteElo "2854"]
[BlackElo "3177"]
[TimeControl "180+1"]
[EndTime "9:44:50 PDT"]
[Termination "MagnusCarlsen won by resignation"]

1. e4 c5 2. Nf3 e6 3. c3 d5 4. e5 Nc6 5. d4 Bd7 6. Be2 cxd4 7.
cxd4 Nge7 8. Na3 Nf5 9. Nc2 Be7 10. O-O O-O 11. Kh1 Rc8 12. Bd3 f6 13. g4 fxe5 14.
dxe5 Nh6 15. Bxh6 gxh6 16. Qe2 Rf4 17. h3 Qf8 18. Nfe1 Qf7 19. f3 Rf8 20. Rd1 a6 21.
Kh2 Bd8 22. Kg2 Bc7 23. Qe3 Nxe5 24. Be2 Qf6 25. Nd4 Ng6 26. Kg1 Bb6 27. Nec2 e5 28. Qb3 exd4 29. Bd3 Ne5 30. Ne1 Kh8 31. Qxd5 Bc6 0-1

[Event "Early-Titled-Tuesday-Blitz-June-18-2024"]
[Site "Chess.com"]
[Date "2024.06.18"]
[Round "9"]
[White "NM_Antelacus"]
[Black "Xavier_mompel"]
[Result "0-1"]
[WhiteElo "2307"]
[BlackElo "2442"]
[TimeControl "180+1"]
[EndTime "9:44:50 PDT"]
[Termination "Xavier_mompel won by resignation"]

1. e4 c5 2. Nf3 d6 3. d4 cxd4 4. Nxd4 Nf6 5. Nc3 a6 6. f3 e5 7.
Nb3 Be6 8. Be3 Be7 9. Qd2 h5 10. O-O-O Nbd7 11. Kb1 b5 12. Nd5 Bxd5 13. exd5 Nb6 14.
Bxb6 Qxb6 15. Qa5 Bd8 16. Qxb6 Bxb6 17. c4 bxc4 18. Bxc4 O-O 19. Nd2 Bd4 20. Nb3 Bb6 21. Nd2 Rab8 22. Ne4 Nxe4 23. fxe4 Bd4 24. b3 f5 25. exf5 Rxf5 26. Rhf1 Rbf8 27. Bxa6 Rf2 28. Rxf2 Rxf2 29. Bc4 Rb2+ 30. Kc1 Rxa2 31. Rf1 Rxg2 32. h3 Rh2 33. Rf3 e4 34. Rf4 Be3+ 0-1

[Event "Early-Titled-Tuesday-Blitz-June-18-2024"]
[Site "Chess.com"]
[Date "2024.06.18"]
[Round "9"]
[White "Korona_91"]
[Black "whiteglovethief"]
[Result "1-0"]
[WhiteElo "2681"]
[BlackElo "2548"]
[TimeControl "180+1"]
[EndTime "9:44:56 PDT"]
[Termination "Korona_91 won by resignation"]

1. e4 e6 2. Qe2 Nf6 3. e5 Nd5 4. g3 c5 5. Bg2 Nc6 6. c3 Qc7 7. Nf3 b6 8. O-O Be7 9. a3 a5 10. d3 b5 11. c4 bxc4 12. dxc4 Ba6 13. Nbd2 Nb6 14. Re1 a4 15. Qe4 O-O 16. h4 f5 17.
exf6 Bxf6 18. Bf1 Rae8 19. h5 Bb7 20. Bd3 g6 21. hxg6 Nd4 22. Qg4 Nxf3+ 23. Nxf3 Bg7 24. gxh7+ Kh8 25. Nh4 Rf6 26. Bg5 Ref8 27. Bxf6 Rxf6 28.
Ng6+ Kxh7 29. Ne7+ Kh8 30. Qh5+ 1-0

[Event "Early-Titled-Tuesday-Blitz-June-18-2024"]
[Site "Chess.com"]
[Date "2024.06.18"]
[Round "9"]
[White "JosefineHeinemann"]
[Black "JanMur7"]
[Result "1-0"]
[WhiteElo "2483"]
[BlackElo "2265"]
[TimeControl "180+1"]
[EndTime "9:44:57 PDT"]
[Termination "JosefineHeinemann won by resignation"]

1. e4 g6 2. d4 Bg7 3. Nc3 c5 4. dxc5 Bxc3+ 5. bxc3 Nf6 6. f3 Qa5 7. Be3 Qxc3+ 8. Kf2 O-O 9. Ne2 Qa5 10. h4 h5 11.
Nf4 Nc6 12. Bd3 Ne5 13. Nd5 Nxd5 14. exd5 d6 15. cxd6 exd6 16. Be4 Nc4 17. Bd4 Ne5 18.
Qc1 Qa4 19. c3 Qc4 20. Qh6 f5 21. Bc2 Rf6 22. Rhe1 Qxd5 23. Bb3 Nd3+ 24. Kf1 Be6 1-0

[Event "Early-Titled-Tuesday-Blitz-June-18-2024"]
[Site "Chess.com"]
[Date "2024.06.18"]
[Round "9"]
[White "marvinguevara"]
[Black "maracayo"]
[Result "0-1"]
[WhiteElo "2149"]
[BlackElo "2412"]
[TimeControl "180+1"]
[EndTime "9:44:57 PDT"]
[Termination "maracayo won by resignation"]

1. e4 d6 2. d4 Nf6 3. Nc3 c6 4. f4 Qa5 5. Nf3 Nxe4 6. Bd2 Nxd2 7. Qxd2 Bg4 8. Be2 e6 9. O-O-O Nd7 10. Kb1 Bxf3 11. Bxf3 O-O-O 12. Rhe1 d5 13. a3 g6 14. g4 Nb6 15. Be2 Bd6 16. f5 e5 17. fxg6 hxg6 18. g5 Kb8 19. Ka2 Rxh2 20. dxe5 Bxa3 21. bxa3 Nc4 22.
Bxc4 Rxd2 23. Rxd2 Qxc3 0-1

[Event "Early-Titled-Tuesday-Blitz-June-18-2024"]
[Site "Chess.com"]
[Date "2024.06.18"]
[Round "9"]
[White "MaxLeto"]
[Black "TheAlienParty"]
[Result "0-1"]
[WhiteElo "2436"]
[BlackElo "2346"]
[TimeControl "180+1"]
[EndTime "9:44:58 PDT"]
[Termination "TheAlienParty won by checkmate"]

1. g4 d5 2. Bg2 Bxg4 3. c4 Nf6 4. Qb3 Bd7 5. cxd5 Na6 6. d4 Rb8 7. Nc3 e6 8. a3 Be7 9. Bf4 h6 10. Nf3 O-O 11. Rg1 exd5 12. Nxd5 Be6 13. Nxe7+ Qxe7 14. Qa4 Rbd8 15. O-O-O Ne4 16. Be3 c5 17. Ne5 cxd4 18.
Bxd4 Nec5 19. Bxc5 Qxc5+ 20. Kb1 Qxe5 21. Bxb7 Nc5 22.
Qxa7 Rxd1+ 23. Rxd1 Qxe2 24. Rc1 Nb3 25. Rg1 Bf5+ 26.
Ka2 Qc4 27. Ba6 Nc1+ 28. Ka1 Qa2# 0-1

[Event "Early-Titled-Tuesday-Blitz-June-18-2024"]
[Site "Chess.com"]
[Date "2024.06.18"]
[Round "9"]
[White "YurasovMat-2012"]
[Black "RandomNoob04"]
[Result "0-1"]
[WhiteElo "2634"]
[BlackElo "2813"]
[TimeControl "180+1"]
[EndTime "9:45:01 PDT"]
[Termination "RandomNoob04 won by resignation"]

1. e4 d5 2. exd5 Qxd5 3. Nc3 Qa5 4. Nf3 Nf6 5. d4 Bf5 6. Bc4 e6 7. O-O Bb4 8. Bd2 Nc6 9. a3 Bxc3 10. Bxc3 Qb6 11. a4 a6 12. a5 Qa7 13. Ne5 Nxe5 14.
dxe5 Ne4 15. Bd4 c5 16. Be3 Rd8 17. Qe2 h6 18. h4 O-O 19. Rfd1 Qb8 20. Bf4 Rd4 21.
Rxd4 cxd4 22. Rd1 Rd8 23. Qf3 Qc8 24. b3 Qc5 25. g4 Bh7 26. Re1 Nc3 27. Qxb7 Qxa5 28.
b4 Qa3 29. Qb6 Rf8 30. Qxd4 Qxb4 31. Be3 Nb5 32. Qf4 Qxe1+ 0-1

[Event "Early-Titled-Tuesday-Blitz-June-18-2024"]
[Site "Chess.com"]
[Date "2024.06.18"]
[Round "9"]
[White "N18player"]
[Black "cycygogne"]
[Result "1-0"]
[WhiteElo "2535"]
[BlackElo "2228"]
[TimeControl "180+1"]
[EndTime "9:45:04 PDT"]
[Termination "N18player won by resignation"]

1. d4 Nf6 2. c4 c5 3. d5 e6 4. Nc3 exd5 5. cxd5 d6 6. g3 g6 7. Bg2 Bg7 8. Nf3 O-O 9. O-O a6 10.
a4 Re8 11. Bf4 Nh5 12. Bg5 Qc7 13. Nd2 Nd7 14. e4 Ne5 15. Qc2 h6 16. Be3 Ng4 17. Rfe1 Nxe3 18. Rxe3 Bd4 19. Ree1 Qe7 20. Nc4 Rb8 21.
a5 Qf6 22. e5 dxe5 23. Ne4 Qg7 24. Ncd6 Rf8 25. Nxc5 Bf5 26. Nxf5 gxf5 27. Nd7 Rbc8 28.
Qxf5 Nf6 29. Qxf6 Qxf6 30. Nxf6+ Kg7 31. Nd7 Rfd8 32. Nxe5 Rc2 33. Nd3 Rdc8 34. Rad1 1-0

[Event "Early-Titled-Tuesday-Blitz-June-18-2024"]
[Site "Chess.com"]
[Date "2024.06.18"]
[Round "9"]
[White "DarkAlekhine"]
[Black "Shield12"]
[Result "0-1"]
[WhiteElo "2755"]
[BlackElo "2899"]
[TimeControl "180+1"]
[EndTime "9:45:12 PDT"]
[Termination "Shield12 won by resignation"]

1. e4 c5 2. Nf3 Nc6 3. Bb5 Nf6 4. Bxc6 dxc6 5. d3 Qc7 6. h3 e5 7. a4 c4 8. O-O cxd3 9. cxd3 Be7 10. Nbd2 Be6 11.
Qe2 O-O 12. b3 Nd7 13. d4 Bf6 14. Bb2 Rad8 15. Rac1 Qb8 16. b4 exd4 17. Bxd4 Ne5 18. Bxe5 Bxe5 19. Nxe5 Qxe5 20. Nf3 Qf4 21. Rc5 h6 22. g3 Qd6 23. Kg2 b6 24. Rh5 Qxb4 25. Qe3 Qb2 26. Ne5 c5 27. Qf4 Qd2 28. Qh4 g5 0-1

[Event "Early-Titled-Tuesday-Blitz-June-18-2024"]
[Site "Chess.com"]
[Date "2024.06.18"]
[Round "9"]
[White "Tol_Tol"]
[Black "KinKaiser"]
[Result "0-1"]
[WhiteElo "2352"]
[BlackElo "2460"]
[TimeControl "180+1"]
[EndTime "9:45:14 PDT"]
[Termination "KinKaiser won by resignation"]

1. d4 d5 2. c4 c6 3. Nf3 Nf6 4.
Nc3 dxc4 5. a4 Bf5 6. e3 e6 7.
Bxc4 Bb4 8. O-O O-O 9. Qb3 c5 10. Na2 Nc6 11. Nxb4 Na5 12. Qa2 cxb4 13. Ne5 Nxc4 14.
Qxc4 a5 15. Qb5 Rc8 16. Qxb7 Be4 17. Qb5 Rc2 18. f3 Bd5 19. Qd3 Qc7 20. Rf2 Rxc1+ 21. Rxc1 Qxc1+ 22. Rf1 Qxb2 23. e4 Bb3 24. Rb1 Bc2 25.
Rxb2 Bxd3 26. Nxd3 Rc8 27. Nc5 e5 28. Nb3 exd4 29. Nxa5 d3 30. Rxb4 d2 31. Rd4 Rc1+ 0-1